 Dungeon Crawl Stone Soup version 0.31-a0-255-g9c3d1c461a (webtiles) character file.

Game seed: 1641031129467475329

45 qw the Shooter (level 3, -1/21 HPs)
             Began as a Gargoyle Hexslinger on July 12, 2023.
             Slain by an adder (3 damage)
             ... on level 2 of the Dungeon.
             The game lasted 00:00:32 (1149 turns).

qw the Shooter (Gargoyle Hexslinger)                Turns: 1149, Time: 00:00:33

Health: -1/21      AC:  5    Str: 11    XL:     3   Next: 64%
Magic:  4/4        EV: 12    Int: 13    God:
Gold:   57         SH:  0    Dex: 14    Spells: 3/4 levels left

rFire   . . .        Y - +1 sling
rCold   . . .        (no shield)
rNeg    + . .        c - +0 robe
rPois   inf          (no helmet)
rElec   +            (no cloak)
rCorr   .            (no gloves)
SInv    .            (no boots)
Will    .....        f - amulet of the acrobat
Stlth   +            (no ring)
HPRegen 0.23/turn    (no ring)
MPRegen 0.09/turn

%: acrobat
@: no status effects
A: sickness immunity, AC +3, negative energy resistance 1, electricity
resistance, torment resistance 1, petrification resistance
a: no special abilities


You were on level 2 of the Dungeon.
You visited 1 branch of the dungeon, and saw 2 of its levels.

You collected 57 gold pieces.


Innate Abilities, Weirdness & Mutations

You are immune to sickness and miasma.
Your stone body is resilient. (AC +3)
You are immune to poison.
You resist negative energy. (rN+)
You are resistant to electric shocks. (rElec)
You are resistant to unholy torment.
You are immune to petrification.


   Skills:
 - Level 2.0 Fighting
 + Level 3.5 Ranged Weapons
 - Level 1.5 Dodging
 - Level 1.0 Spellcasting
 - Level 2.6 Hexes


You had 3 spell levels left.
You knew the following spells:

 Your Spells              Type           Power      Damage    Failure   Level
a - Slow                  Hex            28%        N/A       10%         1

Your spell library contained the following spells:

 Spells                   Type           Power      Damage    Failure   Level
 Inner Flame              Hex/Fire       4%         N/A       43%         3
 Portal Projectile        Hex/Tloc       8%         N/A       43%         3
 Cause Fear               Hex            3%         N/A       67%         4

Inventory:

Hand Weapons
 Y - a +1 sling (weapon)
Armour
 c - a +0 robe (worn)
Jewellery
 f - an amulet of the acrobat (around neck)
Scrolls
 a - a scroll of torment {unknown}
Potions
 e - a potion of curing
 h - a potion of mutation {unknown}

Dungeon Overview and Level Annotations

Branches:
Dungeon (2/15)

Altars:


Message History

A rat comes into view.
You shoot a sling bullet. The sling bullet misses the adder.
The adder misses you. The adder closely misses you.
The adder bites you but does no damage. The adder bites you.
You shoot a sling bullet.
The sling bullet closely misses the adder.
The adder misses you. The adder bites you but does no damage.
The adder bites you. The adder bites you but does no damage.
You shoot a sling bullet.
The sling bullet barely misses the adder.
The adder barely misses you. The adder misses you.
You shoot a sling bullet. The sling bullet misses the adder.
The adder bites you but does no damage. The adder barely misses you. x2
The adder bites you.
You shoot a sling bullet.
The sling bullet barely misses the adder.
The adder bites you but does no damage. The adder bites you. x2
You shoot a sling bullet. The sling bullet misses the adder.
The adder closely misses you. The adder bites you but does no damage.
The adder completely misses you.
You shoot a sling bullet. The sling bullet hits the adder.
The adder is severely wounded.
The adder bites you but does no damage. The adder closely misses you.
The adder barely misses you. The adder bites you.
You shoot a sling bullet. The sling bullet misses the adder.
The adder bites you. The adder closely misses you.
You shoot a sling bullet. The sling bullet hits the adder.
The adder is almost dead.
The adder bites you but does no damage. x2; The adder bites you.
The adder completely misses you.
You shoot a sling bullet.
The sling bullet barely misses the adder.
The adder bites you. The adder bites you but does no damage.
You shoot a sling bullet. The sling bullet misses the adder.
The adder closely misses you. The adder barely misses you.
The adder bites you but does no damage. x2
You shoot a sling bullet.
The sling bullet barely misses the adder.
The adder bites you.
You die...

#.....# ###.#.#
#.#.# #.#.# #.#.#
#.#.# #### #.#.# r..
#.#.#########S##
#...........@S.#
#.###########.......
#.# #.#.### #.# .# #
#.# # #.# #.# #..


You could see 2 adders and a rat.

Vanquished Creatures
  2 dart slugs (D:1)
  3 bats
  An endoplasm (D:1)
  3 giant cockroaches (D:1)
  4 hobgoblins
  10 jackals
  A quokka (D:1)
  6 ball pythons
  A frilled lizard (D:1)
  2 kobolds (D:1)
  3 rats (D:1)
36 creatures vanquished.

Notes
Turn   | Place    | Note
-------+----------+-------------------------------------------
     0 | D:1      | qw the Gargoyle Hexslinger began the quest for the Orb.
     0 | D:1      | Reached XP level 1. HP: 12/12 MP: 2/2
     0 | D:1      | 0 ||| qw: Version: 0.3-a-52-g30416fa
     0 | D:1      | 0 ||| qw: Game counter: 6698
     0 | D:1      | 0 ||| qw: Melee chars always use a shield: true
     0 | D:1      | 0 ||| qw: God list: Okawaru
     0 | D:1      | 0 ||| qw: Allow faded altars: false
     0 | D:1      | 0 ||| qw: Do Orc after clearing Dungeon:15 true
     0 | D:1      | 0 ||| qw: Do second Lair branch before Depths: true
     0 | D:1      | 0 ||| qw: Lair rune preference: random
     0 | D:1      | 0 ||| qw: Goals: Normal
     0 | D:1      | 0 ||| PLANNING D:1-11
   250 | D:1      | Reached XP level 2. HP: 16/16 MP: 3/3
   335 | D:1      | Reached skill level 3 in Ranged Weapons
   340 | D:1      | 340 ||| FLEEEEING.
   341 | D:1      | 341 ||| FLEEEEING.
   342 | D:1      | 342 ||| FLEEEEING.
   343 | D:1      | 343 ||| FLEEEEING.
   345 | D:1      | 345 ||| FLEEEEING.
   346 | D:1      | 346 ||| FLEEEEING.
   347 | D:1      | 347 ||| FLEEEEING.
   348 | D:1      | 348 ||| FLEEEEING.
   349 | D:1      | 349 ||| FLEEEEING.
   350 | D:1      | 350 ||| FLEEEEING.
   351 | D:1      | 351 ||| FLEEEEING.
   352 | D:1      | 352 ||| FLEEEEING.
   353 | D:1      | 353 ||| FLEEEEING.
   354 | D:1      | 354 ||| FLEEEEING.
   355 | D:1      | 355 ||| FLEEEEING.
   357 | D:1      | 357 ||| FLEEEEING.
   358 | D:1      | 358 ||| FLEEEEING.
   359 | D:1      | 359 ||| FLEEEEING.
   360 | D:1      | 360 ||| FLEEEEING.
   361 | D:1      | 361 ||| FLEEEEING.
   362 | D:1      | 362 ||| FLEEEEING.
   363 | D:1      | 363 ||| FLEEEEING.
   364 | D:1      | 364 ||| FLEEEEING.
   365 | D:1      | 365 ||| FLEEEEING.
   366 | D:1      | 366 ||| FLEEEEING.
   527 | D:1      | Reached XP level 3. HP: 21/21 MP: 4/4
   549 | D:1      | HP: 4/21 [jackal (2)]
   889 | D:1      | 889 ||| UPGRADING to amulet of the acrobat.
   894 | D:1      | 894 ||| READING scroll labelled LADUCO KYETO.
   895 | D:1      | 895 ||| READING scroll labelled PIUF EBBONIZI.
   896 | D:1      | 896 ||| DRINKING 2 smoky brown potions.
   897 | D:1      | 897 ||| DROPPING scroll of poison.
   927 | D:2      | 927 ||| STAIRDANCE
  1146 | D:2      | HP: 4/21 [adder (4)]
  1147 | D:2      | HP: 1/21 [adder (3)]
  1149 | D:2      | Slain by an adder

Levels and vault maps discovered:
D:1:      dpeg_arrival_arbitrary_b, layout_loops_ring, minmay_misc_feat_plants,
          minmay_misc_feat_nine_boxes, minivault_11, minmay_shallow_snake_nest
D:2:      layout_basic, ebering_ecumenical_altar_sacrificial, interstate_on_off,
          st_stairs_9

Skill      XL: |  1  2 |
---------------+-------+-----
Ranged Weapons | 3 |  3.5
Fighting       | 2 |  2.0
Dodging        | |  1.5
Spellcasting   | |  1.0
Hexes          | |  2.6

Action                     || total
---------------------------++-------
   Fire: Sling             ||   135
    Use: Scroll            ||     2
         Potion            ||     1
 Armour: Robe              ||    64
  Dodge: Dodged            ||   124

Table legend:
 A = Non-vault XP
 B = Vault XP
 C = Vault XP percentage of total XP
 D = Non-vault monster count
 E = Vault monster count
 F = Vault count percentage of total count
                 A         B        C        D         E       F
            +---------+---------+-------+---------+---------+-------
      Total |      60 |       5 |   7.7 |      32 |       4 |  11.1
            +---------+---------+-------+---------+---------+-------
        D:1 |      55 |       3 |   5.2 |      29 |       2 |   6.5
        D:2 |       5 |       2 |  28.6 |       3 |       2 |  40.0
            +---------+---------+-------+---------+---------+-------
